 Dungeon Crawl Stone Soup version 0.19-a0-1490-g5dd3618 (webtiles) character file.

109849 rjrrt the Executioner (level 16, -6/151 HPs)
             Began as a Minotaur Berserker on Sept 8, 2016.
             Was a High Priest of Trog.
             Mangled by an entropy weaver (10 damage)
             ... on level 2 of the Spider Nest.
             The game lasted 01:10:29 (24142 turns).

rjrrt the Executioner (Minotaur Berserker)         Turns: 24142, Time: 01:10:30

Health: -6/151     AC:  9    Str: 22    XL:     16   Next: 5%
Magic:  15/15      EV: 12    Int:  4    God:    Trog [*****.]
Gold:   1947       SH:  0    Dex: 17    Spells: 0 memorised, 15 levels left

rFire  + . .     SeeInvis .     a - +3 executioner's axe "Kaymodie" {vamp, +Fly rPois}
rCold  + . .     Gourm    .     d - +1 plate armour {rF+}
rNeg   . . .     Faith    .     (shield currently unavailable)
rPois  +         Spirit   .     (helmet restricted)
rElec  .         Dismiss  .     A - +2 cloak
rCorr  .         Reflect  .     W - +0 pair of gloves
MR     +....     Harm     .     L - +1 pair of boots {Fly}
Stlth  ..........               n - amulet of regeneration
                                Q - +3 ring of protection
                                E - ring of protection from cold

@: corroded, flying
A: retaliatory headbutt, horns 2
a: Berserk, Trog's Hand, Brothers in Arms, Burn Spellbooks, Renounce Religion,
Stop Flying


You were on level 2 of the Spider Nest.
You worshipped Trog.
Trog was extremely pleased with you.
You were not hungry.

You visited 4 branches of the dungeon, and saw 25 of its levels.
You also visited: Ossuary and Ice Cave.

You collected 3074 gold pieces.
You spent 1127 gold pieces at shops.

Inventory:

Hand Weapons
 a - the +3 executioner's axe "Kaymodie" (weapon) {vamp, +Fly rPois}
   (Trog gifted it to you in an ice cave)

   It inflicts no extra harm, but heals its wielder somewhat when it strikes a
   living foe.
   It protects you from poison.
   It lets you fly.
 y - a +3 flail of crushing
 G - a +3 battleaxe of venom
 I - a +2 antimagic broad axe
Missiles
 r - 6 javelins (quivered)
 x - 2 throwing nets
Armour
 b - a +1 plate armour of poison resistance
 d - a +1 plate armour of fire resistance (worn)
 A - a +2 cloak (worn)
 B - the +4 pair of boots "Ykhlaso" {rN++ MR- MP+9 Dex+3}
   (You bought it in a shop on level 2 of the Orcish Mines)

   It affects your dexterity (+3).
   It greatly protects you from negative energy.
   It affects your resistance to hostile enchantments.
   It affects your magic capacity (+9).
 L - a +1 pair of boots of flying (worn)
 W - a +0 pair of gloves (worn)
Jewellery
 n - an amulet of regeneration (around neck)
 p - an uncursed ring of positive energy
 z - an uncursed ring of protection from fire
 D - an uncursed ring of protection from magic
 E - a ring of protection from cold (left hand)
 O - an uncursed ring of resist corrosion
 Q - a +3 ring of protection (right hand)
 S - the ring "Luvu" {+Fly Int+3}
   (You found it on level 6 of the Lair of Beasts)

   [ring of flight]

   It affects your intelligence (+3).
   It lets you fly.
Wands
 e - a wand of polymorph (12/24)
 u - a wand of teleportation (8/9)
 J - a wand of disintegration (17/24)
 X - a wand of iceblast (6/15)
Scrolls
 k - 2 scrolls of recharging
 m - 7 scrolls of teleportation
 q - a scroll of blinking
 w - 2 scrolls of enchant armour
 F - 3 scrolls of enchant weapon
 K - 5 scrolls of fog
 M - 7 scrolls of remove curse
 R - 5 scrolls of fear
 U - a scroll of identify
Potions
 f - 2 potions of ambrosia
 g - 3 potions of might
 i - 2 potions of resistance
 l - 7 potions of flight
 o - 3 potions of haste
 s - a potion of cure mutation
 t - a potion of curing
 C - 2 potions of lignification
 H - 2 potions of cancellation
 T - 4 potions of agility
Comestibles
 c - 20 bread rations
 h - 9 meat rations
 j - a slice of pizza
 v - 7 beef jerkies
 N - 12 fruits
 P - 5 chunks of flesh


   Skills:
 + Level 15.8 Fighting
 * Level 22.0 Axes
 + Level 4.3 Throwing
 + Level 15.7 Armour
 + Level 8.8 Dodging


You had 15 spell levels left.
You didn't know any spells.

Dungeon Overview and Level Annotations

Branches:
Dungeon (15/15)            Temple (0/1) D:6            Lair (6/6) D:8
  Swamp (0/4) Lair:4       Spider (2/4) Lair:3        Slime (0/5) Lair:6
    Orc (2/2) D:11            Elf (0/3) Orc:2        Vaults (0/5) D:14
 Depths (0/5) D:15

Altars:
Ashenzari
Cheibriados
Dithmenos
Fedhas
Nemelex Xobeh
Sif Muna
Uskayaw
Xom
Yredelemnul
Zin
The Shining One
Beogh

Shops:
D:4 *   D:7 }   D:12 ?   Orc:2 ([*[


Innate Abilities, Weirdness & Mutations

You reflexively headbutt those who attack you in melee.
You have a pair of horns on your head.


Message History

* * * LOW HITPOINT WARNING * * *
The worker ant barely misses you. You furiously retaliate!
You headbutt the worker ant, but do no damage.
There is a stone staircase leading up, spattered with blood here.
Unknown command.
You feel better. The entropy weaver barely misses you.
The entropy weaver closely misses you.
The entropy weaver hits you but does no damage.
The entropy weaver hits you.
* * * LOW HITPOINT WARNING * * *
The worker ant misses you. You furiously retaliate!
You headbutt the worker ant, but do no damage.
The entropy weaver hits you but does no damage.
The entropy weaver barely misses you. The entropy weaver hits you!
* * * LOW HITPOINT WARNING * * *
The entropy weaver completely misses you.
The worker ant bites you but does no damage.
The entropy weaver hits you but does no damage. x2
The entropy weaver hits you!
You die...

#.# #.##.# ###.#
##..#.# #
#...####....##|##.
#....^#..........
#.#..††...........
####†###.a........
###.#†##.#........
#..a†.†...###.....
##@a..####.# .####
#...## ## # #...#
#....# #....#
.....# ##....#
#..... #......


You could see an entropy weaver and a worker ant.

Vanquished Creatures
  Rupert (D:13)
  Asterion (Spider:1)
  Frances (D:13)
  Donald (Spider:1)
  A ghost moth (Spider:1)
  2 entropy weavers
  Fannar (Lair:3)
  A hydra (Lair:3)
  Erolcha (D:13)
  2 vault guards (D:14)
  A rakshasa (D:15)
  2 death knights (D:14)
  A queen ant (Spider:2)
  An orc high priest (Orc:2)
  5 skeletal warriors
  A deep elf archer (D:15)
  3 wizards (D:14)
  2 necromancers
  5 hill giants
  3 griffons (Lair:6)
  5 orb spiders (Spider:1)
  A hornet (Spider:1)
  2 deep elf magi
  A manticore (D:15)
  6 ugly things
  5 cyclopes
  15 wolf spiders
  2 moths of wrath (Spider:1)
  6 orc sorcerers
  5 black mambas (Lair:5)
  7 elephants (Lair:6)
  4 ice statues (IceCv)
  A torpor snail (Lair:6)
  2 gargoyles
  9 spiny frogs
  4 rime drakes (Lair:6)
  2 centaur skeletons
  7 komodo dragons
  A yaktaur (D:14)
  2 freezing wraiths
  A merfolk (shapeshifter) (D:15)
  8 ice devils (IceCv)
  7 demonic crawlers (Spider:1)
  6 trolls
  A wind drake (Lair:6)
  11 jumping spiders
  4 polar bears (Lair:6)
  2 giant leeches (Lair:4)
  5 blink frogs (Lair:2)
  A dream sheep (Lair:5)
  19 redbacks (Spider:1)
  8 tarantellas (Spider:1)
  15 flying skulls (D:14)
  5 wraiths
  2 shadows
  A vampire (D:12)
  Sigmund (D:2)
  4 wyverns
  28 yaks
  A basilisk (Lair:2)
  18 humans (D:14)
  2 hippogriffs
  5 hungry ghosts
  2 mottled dragons
  2 vampire mosquitoes (D:13)
  3 wargs (Orc:2)
  22 soldier ants (Spider:2)
  17 water moccasins
  5 porcupines
  A swamp drake (D:8)
  3 sky beasts
  3 black bears
  An eye of draining (D:14)
  31 orc warriors
  3 ice beasts
  4 wasps
  16 ogres
  3 phantoms
  7 wolves
  14 centaurs
  16 crocodiles
  A big kobold (D:8)
  17 giant frogs
  An elf zombie (Ossuary)
  A gnoll sergeant (D:6)
  8 scorpions
  9 killer bees
  11 wights
  4 howler monkeys
  An electric eel (Lair:1)
  4 crimson imps
  5 draconian simulacra (IceCv)
  2 quasits
  2 giant frog zombies (D:8)
  A centaur zombie (Ossuary)
  4 jellies
  A giant frog skeleton (D:5)
  3 gnoll shamans (D:6)
  6 hounds
  21 orc priests
  23 orc wizards
  Crazy Yiuf (D:5)
  14 iguanas
  Ijyb (D:2)
  A spriggan simulacrum (IceCv)
  3 troll simulacra (IceCv)
  15 worker ants
  3 big kobold zombies (Ossuary)
  2 hound skeletons
  2 mummies (Ossuary)
  3 worker ant zombies
  32 gnolls
  A naga simulacrum (IceCv)
  15 adders
  36 river rats
  2 shadow imps
  An ooze (D:2)
  A worm zombie (D:5)
  3 adder skeletons
  2 adder zombies
  A dart slug (D:1)
  5 giant geckos
  87 orcs
  6 bats
  A giant cockroach (D:7)
  2 gnoll zombies (Ossuary)
  6 goblins
  5 hobgoblins
  37 jackals
  3 quokkas
  A ball python (D:3)
  7 giant newts
  3 goblin zombies (Ossuary)
  A hobgoblin zombie (Ossuary)
  8 kobolds
  3 orc zombies (Ossuary)
  A quokka skeleton (D:7)
  8 rats
  4 fungi
  4 plants
887 creatures vanquished.

Vanquished Creatures (collateral kills)
  An orc warlord (Orc:2)
  A dire elephant (Lair:6)
  The ghost of Elitist the Grappler, a journeyman NaMo of Cheibriados (D:10)
  3 hydras
  The ghost of mamga the Fencer, a journeyman DrWn of Okawaru (D:12)
  A merfolk avatar (Lair:6)
  3 skeletal warriors (D:12)
  A harpy (Lair:6)
  An orb spider (Spider:1)
  5 ugly things (D:15)
  A salamander (D:15)
  A spiny frog (Lair:6)
  2 rime drakes (Lair:6)
  A polar bear (Lair:6)
  A vampire mosquito (D:13)
  A wasp (Lair:6)
  A giant frog skeleton (D:12)
  A shadow imp (D:12)
  2 orcs (Orc:2)
29 creatures vanquished.

Vanquished Creatures (others)
  A golden eye (shapeshifter) (D:13)
  An orc priest (Orc:2)
  An iguana (D:8)
  A worker ant (D:13)
  A fungus (Lair:2)
  14 plants (Lair:6)
19 creatures vanquished.

Grand Total: 935 creatures vanquished

Notes
Turn   | Place    | Note
-------+----------+-------------------------------------------
     0 | D:1      | rjrrt the Minotaur Berserker began the quest for the Orb.
     0 | D:1      | Reached XP level 1. HP: 19/19 MP: 0/0
   108 | D:1      | Reached skill level 4 in Axes
   154 | D:1      | Reached XP level 2. HP: 23/26 MP: 1/1
   487 | D:1      | Reached ** piety under Trog
   499 | D:1      | Reached skill level 5 in Axes
   669 | D:2      | Reached XP level 3. HP: 28/31 MP: 2/2
   679 | D:2      | Found a shadowy altar of Dithmenos.
   775 | D:2      | Noticed Ijyb
   785 | D:2      | Killed Ijyb
   785 | D:2      | Reached skill level 6 in Axes
   785 | D:2      | Reached XP level 4. HP: 33/39 MP: 3/3
   831 | D:2      | Noticed Sigmund
   837 | D:2      | Killed Sigmund
   837 | D:2      | Reached skill level 7 in Axes
   837 | D:2      | Reached XP level 5. HP: 45/45 MP: 4/4
  1087 | D:2      | Reached skill level 8 in Axes
  1273 | D:3      | Found a snail-covered altar of Cheibriados.
  1303 | D:3      | Reached XP level 6. HP: 51/51 MP: 5/5
  1417 | D:3      | Found a glowing golden altar of the Shining One.
  1521 | D:3      | Found a deep blue altar of Sif Muna.
  1562 | D:3      | Found a glowing silver altar of Zin.
  1823 | D:4      | Reached *** piety under Trog
  1823 | D:4      | Reached skill level 9 in Axes
  1961 | D:4      | Found Giceugh's General Store.
  1965 | D:4      | Found a shimmering altar of Xom.
  1969 | D:4      | Bought a potion of heal wounds for 55 gold pieces
  2431 | D:4      | Reached XP level 7. HP: 57/57 MP: 6/6
  2705 | D:5      | Entered Level 5 of the Dungeon
  2757 | D:5      | Reached skill level 10 in Axes
  2828 | D:5      | Found a sand-covered staircase.
  2856 | Ossuary  | Entered an ossuary
  3109 | D:4      | Bought a wand of teleportation (5/9) for 297 gold pieces
  3109 | D:4      | Bought a potion of might for 44 gold pieces
  3439 | D:5      | You fall through a shaft for 2 floors!
  3443 | D:7      | Reached XP level 8. HP: 36/67 MP: 7/7
  3770 | D:7      | Reached skill level 11 in Axes
  3794 | D:7      | Reached **** piety under Trog
  3813 | D:7      | Reached skill level 5 in Fighting
  4019 | D:7      | Found Houvosch's Gadget Shop.
  4019 | D:7      | Noticed a troll
  4031 | D:7      | Killed a troll
  4350 | D:7      | Reached skill level 5 in Armour
  4732 | D:7      | Reached skill level 12 in Axes
  4928 | D:7      | Reached XP level 9. HP: 35/75 MP: 8/8
  5263 | D:5      | Found a blossoming altar of Fedhas.
  5263 | D:5      | Found a basalt altar of Yredelemnul.
  5337 | D:5      | Found a runed door.
  5341 | D:5      | Noticed Crazy Yiuf
  5346 | D:5      | Killed Crazy Yiuf
  5834 | D:6      | Found a staircase to the Ecumenical Temple.
  6046 | D:6      | Reached skill level 13 in Axes
  6075 | D:6      | Found a basalt altar of Yredelemnul.
  6166 | D:6      | Reached ***** piety under Trog
  6932 | D:6      | Received a gift from Trog
  7400 | D:8      | Reached XP level 10. HP: 81/88 MP: 3/9
  7619 | D:8      | Reached skill level 14 in Axes
  7748 | D:8      | Found a staircase to the Lair.
  7885 | D:8      | Found a hide-covered altar of Uskayaw.
  7885 | D:8      | Noticed a dagger
  7885 | D:8      | Noticed a hand axe
  8144 | Lair:1   | Entered Level 1 of the Lair of Beasts
  8337 | Lair:1   | Noticed a spiny frog
  8346 | Lair:1   | Killed a spiny frog
  9016 | Lair:2   | Reached skill level 15 in Axes
  9147 | Lair:2   | Noticed a spiny frog
  9159 | Lair:2   | Killed a spiny frog
  9254 | Lair:2   | Reached XP level 11. HP: 99/99 MP: 10/10
  9472 | Lair:2   | Reached skill level 10 in Fighting
  9917 | Lair:3   | Noticed Fannar
  9931 | Lair:3   | Killed Fannar
  9931 | Lair:3   | Reached skill level 16 in Axes
 10007 | Lair:3   | Received a gift from Trog
 10014 | Lair:3   | Reached skill level 10 in Armour
 10096 | Lair:3   | Found a hole to the Spider Nest.
 10154 | Lair:3   | Reached ****** piety under Trog
 10638 | Lair:3   | Noticed a six-headed hydra
 10648 | Lair:3   | Killed an eight-headed hydra
 10839 | Lair:4   | Found a staircase to the Swamp.
 10973 | Lair:4   | Noticed an eight-headed hydra
 10976 | Lair:4   | Killed an eight-headed hydra
 11877 | Lair:5   | Reached skill level 17 in Axes
 11997 | Lair:5   | Reached XP level 12. HP: 110/110 MP: 11/11
 12472 | Lair:6   | Entered Level 6 of the Lair of Beasts
 12883 | Lair:6   | Found a staircase to the Slime Pits.
 12930 | Lair:6   | Reached skill level 18 in Axes
 13006 | Lair:6   | Got a bound bronze ring
 13173 | Lair:6   | Received a gift from Trog
 13613 | Lair:6   | Reached XP level 13. HP: 114/119 MP: 12/12
 13727 | Lair:6   | Noticed a dire elephant
 13734 | Lair:6   | Killed a dire elephant
 13748 | Lair:6   | HP: 3/119 [drowned by a drowned soul[a merfolk avatar] (15)]
 14561 | D:9      | Reached skill level 19 in Axes
 15243 | D:10     | Entered Level 10 of the Dungeon
 15305 | D:10     | Received a gift from Trog
 15389 | D:10     | Noticed Elitist's ghost (journeyman NaMo)
 15395 | D:10     | Killed Elitist's ghost
 16188 | D:11     | You fall through a shaft!
 16265 | D:12     | Noticed mamga's ghost (journeyman DrWn)
 16273 | D:12     | Killed mamga's ghost
 16436 | D:11     | Found a staircase to the Orcish Mines.
 16455 | D:11     | Found a shattered altar of Ashenzari.
 16689 | Orc:1    | Entered Level 1 of the Orcish Mines
 16971 | Orc:1    | You fall through a shaft!
 16971 | Orc:2    | Entered Level 2 of the Orcish Mines
 17196 | Orc:2    | Found a roughly hewn altar of Beogh.
 17210 | Orc:2    | Reached skill level 20 in Axes
 17312 | Orc:2    | Found a roughly hewn altar of Beogh.
 17342 | Orc:2    | Found a roughly hewn altar of Beogh.
 17653 | Orc:2    | Found a staircase to the Elven Halls.
 17871 | Orc:2    | Found a roughly hewn altar of Beogh.
 17877 | Orc:2    | Found Lenne's Antique Armour Shop.
 17888 | Orc:2    | Bought a pair of warped boots for 304 gold pieces
 17899 | Orc:2    | Identified the +4 pair of boots "Ykhlaso" {rN++ MR- MP+9 Dex+3} (You bought it in a shop on level 2 of the Orcish Mines)
 18045 | Orc:2    | Found a roughly hewn altar of Beogh.
 18106 | Orc:2    | Found Bygod's Assorted Antiques.
 18116 | Orc:2    | Bought a scroll labeled VEAWAA SALOIDOEMP for 37 gold pieces
 18322 | Orc:2    | Reached XP level 14. HP: 127/130 MP: 13/13
 18630 | Orc:2    | Noticed an orc warlord
 18643 | Orc:2    | Killed an orc warlord
 18649 | Orc:2    | Found a roughly hewn altar of Beogh.
 18649 | Orc:2    | Found Ceum's Antique Weapon Boutique.
 18652 | Orc:2    | Found Hetsigiu's Antique Armour Shop.
 18681 | Orc:2    | Bought a pair of ancient boots for 256 gold pieces
 18691 | Orc:2    | Identified the +1 pair of boots of Zeidiut {+Inv} (You bought it in a shop on level 2 of the Orcish Mines)
 19045 | D:12     | Found Laar's Magic Scroll Boutique.
 19052 | D:12     | Bought a scroll of identify for 30 gold pieces
 19052 | D:12     | Bought a scroll of fear for 52 gold pieces
 19052 | D:12     | Bought a scroll of fear for 52 gold pieces
 19052 | D:12     | Identified the ring "Luvu" {+Fly Int+3} (You found it on level 6 of the Lair of Beasts)
 19354 | D:13     | Noticed Rupert
 19375 | D:13     | Killed Rupert
 19654 | D:13     | Noticed Frances
 19662 | D:13     | Killed Frances
 19970 | D:13     | Reached skill level 5 in Dodging
 20098 | D:13     | Noticed Erolcha
 20104 | D:13     | Killed Erolcha
 20223 | D:14     | Found a frozen archway.
 20234 | IceCv    | Entered an ice cave
 20264 | IceCv    | Received a gift from Trog
 20267 | IceCv    | Got a translucent executioner's axe {god gift}
 20272 | IceCv    | Identified the +3 executioner's axe "Kaymodie" {vamp, +Fly rPois} (Trog gifted it to you in an ice cave)
 21016 | D:14     | Found a gate to the Vaults.
 21025 | D:14     | Reached skill level 21 in Axes
 21028 | D:14     | Reached skill level 15 in Fighting
 21229 | D:14     | Reached XP level 15. HP: 141/141 MP: 14/14
 21266 | D:14     | Received a gift from Trog
 21524 | D:14     | Reached skill level 1 in Throwing
 21568 | D:15     | Entered Level 15 of the Dungeon
 21954 | D:15     | Found a sparkling altar of Nemelex Xobeh.
 22145 | D:15     | Reached skill level 15 in Armour
 22165 | D:15     | Found a staircase to the Depths.
 22556 | Spider:1 | Entered Level 1 of the Spider Nest
 22591 | Spider:1 | Noticed Asterion
 22601 | Spider:1 | Killed Asterion
 22621 | Spider:1 | Noticed Donald
 22642 | Spider:1 | Killed Donald
 23250 | Spider:1 | Killed a ghost moth
 23388 | Spider:1 | Received a gift from Trog
 24047 | Spider:2 | Reached skill level 22 in Axes
 24053 | Spider:2 | Reached XP level 16. HP: 150/150 MP: 15/15
 24142 | Spider:2 | HP: 4/151 [entropy weaver (12)]
 24142 | Spider:2 | Mangled by an entropy weaver

Vault maps used:
D:1:      onia_arrival_pentagram, feat_on_display
D:2:      nicolae_dithmenos_through_a_glass_darkly, serial_bayou_pond_c,
          st_stairs_1, kennysheep_pointless_box, uniq_sigmund, uniq_iyjb
D:3:      nicolae_overflow_crystal_walls, tso_metal_star, lemuel_crystal_altar,
          zin_scriptorium, first_bread, hangedman_decor_push, minivault_11
D:4:      xom_teletrap_fun, serial_shops, shop
D:5:      nicolae_overflow_hidden_temple, enter_ossuary_3, minivault_14,
          uniq_crazy_yiuf_cottage
D:6:      lemuel_castle_with_subvaults, basic_altar
D:7:      serial_shops, nicolae_shop_window_shopping, grunt_ogre_cave
D:8:      dancing_weapons_uskayaw, erik_lair_dragon, grunt_ministairs_10,
          st_stairs_3, kennysheep_windowed_goal
D:11:     orc_0_dummy, evilmike_ruin_ashenzari
D:12:     serial_shops, nicolae_shop_trees
D:13:     lemuel_freeze_loot_1, uniq_erolcha, uniq_frances, uniq_rupert
D:14:     grunt_vaults_entry_tiered, portal_ice_cave_entry_pillars_2,
          minmay_misc_feat_enclosed, minmay_guarded_unrand_skullcrusher
D:15:     hangedman_depths_entry_try_elsewhere_first, basic_altar
Lair:1:   serial_bayou_shore_a, grunt_megastairs_4
Lair:2:   serial_bayou_shore_b
Lair:3:   spider_nest_entry_rubble, minmay_hedge_maze,
          grunt_forest_large_clearings, uniq_fannar
Lair:4:   minmay_swamp_entry_worms
Lair:5:   beast_lair_carwin_large_1, st_stairs_9
Lair:6:   gammafunk_lair_ancient_temple, slime_dummy, serial_bayou_shore_b
Spider:1: nicolae_spider_corner, uniq_asterion, uniq_donald
Spider:2: minivault_29
Orc:1:    abandoned_shop
Orc:2:    grunt_orc_community_town_hall, grunt_orc_community_big_house_1,
          grunt_orc_community_big_house_1, grunt_orc_community_house_2,
          grunt_orc_community_house_3, grunt_orc_community_house_1,
          grunt_orc_community_house_1
Ossuary:  minmay_ossuary_gauntlet
IceCv:    ice_cave_tombish

Skill      XL: |  1  2  3  4  5  6  7  8  9 10 11 12 13 14 15 |
---------------+----------------------------------------------+-----
Axes           | 4 5 6 7 8 9 10 12 13 15 17 18 20 21 22 | 22.0
Armour         | 3 5 7 9 10 12 13 14 15 | 15.7
Fighting       | 4 6 8 9 11 12 13 15 | 15.8
Dodging        | 6 8 |  8.8
Throwing       | 4 |  4.3

Action                   |  1- 3 |  4- 6 |  7- 9 | 10-12 | 13-15 | 16-18 || total
-------------------------+-------+-------+-------+-------+-------+-------++-------
Melee: Hand axe          |    77 |   107 |   448 |       |       |       ||   632
       Headbutt          |    14 |    20 |   116 |   119 |   303 |    15 ||   587
       Broad axe         |       |       |    41 |    93 |       |       ||   134
       Battleaxe         |       |       |       |   435 |   629 |       ||  1064
       Executioner's axe |       |       |       |       |   565 |    59 ||   624
Throw: Javelin           |       |       |     7 |     8 |    15 |       ||    30
Invok: Berserk           |       |     2 |     9 |     4 |     4 |       ||    19
       Burn Spellbooks   |       |       |     1 |     5 |     1 |       ||     7
       Brothers in Arms  |       |       |       |     2 |    17 |       ||    19
       Trog's Hand       |       |       |       |       |     4 |       ||     4
  Use: Scroll            |       |     7 |     7 |    14 |     7 |       ||    35
       Potion            |       |       |       |       |     8 |     1 ||     9
 Stab: Distracted        |       |       |       |       |     2 |       ||     2
       Held in net/web   |       |       |       |       |     1 |       ||     1
  Eat: Chunk             |       |     7 |    22 |    20 |    41 |     1 ||    91
       Beef jerky        |       |       |     2 |     1 |     1 |       ||     4
       Royal jelly       |       |       |       |     2 |     1 |       ||     3
       Pizza             |       |       |       |       |     4 |       ||     4
       Fruit             |       |       |       |       |    10 |       ||    10
Armor: Scale mail        |    33 |    21 |    93 |       |       |       ||   147
       Chain mail        |       |       |    49 |   124 |       |       ||   173
       Plate armour      |       |       |       |   143 |   878 |    46 ||  1067
Dodge: Dodged            |    23 |    41 |   142 |   206 |   563 |    61 ||  1036
Block: Buckler           |    14 |    16 |    89 |    20 |       |       ||   139
